 Dungeon Crawl Stone Soup version 0.27-a0-1308-gc08437e49b (webtiles) character file.

Game seed: 15919519684701887448

3768 lessens the Grappler (level 10, -8/77 HPs)
             Began as a Ghoul Abyssal Knight on June 19, 2021.
             Was a High Priest of Lugonu.
             Mangled by a manticore (9 damage)
             ... on level 8 of the Dungeon.
             The game lasted 00:11:48 (10793 turns).

lessens the Grappler (Ghoul Abyssal Knight)        Turns: 10793, Time: 00:11:49

Health: -8/77      AC: 14    Str: 23 (26) XL:     10   Next: 16%
Magic:  14/14      EV:  3    Int:  6 (7)  God:    Lugonu [*****.]
Gold:   286        SH:  0    Dex:  7 (8)  Spells: 9/9 levels left

rFire    + . .     SeeInvis +     - Unarmed
rCold    + + .     Faith    .   (no shield)
rNeg     + + +     Spirit   .   K - +0 gold dragon scales
rPois    ∞         Reflect  .   n - +0 helmet {SInv}
rElec    .         Harm     .   (no cloak)
rCorr    .         Rampage  .   (no gloves)
Will     .....                  (no boots)
Stlth    ..........             (no amulet)
HPRegen  0.00/turn              k - ring of see invisible
MPRegen  0.14/turn              w - +6 ring of strength

@: about to teleport
A: claws 1, cold resistance 1, negative energy resistance 3, inhibited
regeneration, torment resistance 2
a: Renounce Religion, Depart the Abyss, Bend Space, Banish, Corrupt, Enter the
Abyss


You were on level 8 of the Dungeon.
You worshipped Lugonu.
Lugonu was extremely pleased with you.
You visited 1 branch of the dungeon, and saw 9 of its levels.
You visited the Abyss 1 time.

You collected 473 gold pieces.
You spent 187 gold pieces at shops.

Inventory:

Hand Weapons
 h - a +2 dagger of venom
Missiles
 c - 210 stones
 f - 46 poisoned darts (quivered)
 r - 3 javelins
 t - 8 boomerangs
 E - a curare-tipped dart
Armour
 a - a +0 leather armour
 n - a +0 helmet of see invisible (worn)
 F - +0 acid dragon scales
 H - a +0 kite shield
 K - +0 gold dragon scales (worn)
Jewellery
 k - a ring of see invisible (left claw)
 w - a +6 ring of strength (right claw)
 B - an amulet of faith
 L - a ring of wizardry
Wands
 u - a wand of iceblast (10)
 J - a wand of mindburst (17)
Scrolls
 b - a scroll of holy word {unknown}
 e - 5 scrolls of acquirement {unknown}
 g - 6 scrolls of teleportation
 m - a scroll of brand weapon {unknown}
 o - 2 scrolls of noise {unknown}
 p - a scroll of fog {unknown}
 q - a scroll of torment {unknown}
 s - 4 scrolls of identify {unknown}
 v - 2 scrolls of magic mapping {unknown}
 x - a scroll of blinking {unknown}
 y - a scroll of silence {unknown}
 C - 2 scrolls of immolation {unknown}
 D - a scroll of amnesia {unknown}
 I - a scroll of enchant weapon {unknown}
Potions
 d - 2 potions of curing
 i - 2 potions of degeneration
 j - a potion of heal wounds {unknown}
 l - 2 potions of lignification {unknown}
 z - a potion of berserk rage {unknown}
 A - a potion of attraction {unknown}
 G - a potion of resistance {unknown}


   Skills:
 - Level 3.2 Fighting
 - Level 1.7 Armour
 + Level 3.2 Dodging
 * Level 13.0 Unarmed Combat
 - Level 7.4 Invocations


You had 9 spell levels left.
You didn't know any spells.
Your spell library contained the following spells:

 Spells                   Type           Power      Damage    Failure   Level
 Magic Dart               Conj           0%         1d3       100%        1
 Shock                    Conj/Air       0%         1d3       100%        1
 Blink                    Tloc           N/A        N/A       100%        2
 Call Imp                 Summ           0%         N/A       100%        2
 Slow                     Hex            0%         N/A       100%        2
 Static Discharge         Conj/Air       0%         N/A       100%        2
 Conjure Flame            Conj/Fire      0%         6-21      100%        3
 Mephitic Cloud           Conj/Pois/Air  0%         N/A       100%        3
 Swiftness                Air            0%         N/A       100%        3
 Airstrike                Air            0%         N/A       100%        4
 Lightning Bolt           Conj/Air       0%         1d11      100%        5


Dungeon Overview and Level Annotations

Branches:
Dungeon (9/15)             Temple (0/1) D:6
   Lair: D:8-11         Orc: D:9-12

Altars:
Sif Muna

Shops:
D:4 [:


Innate Abilities, Weirdness & Mutations

You thrive by killing the living.
You are immune to poison.
You have sharp fingernails.
Your flesh is cold resistant. (rC+)
You are immune to negative energy. (rN+++)
You do not regenerate when monsters are visible.
You are immune to unholy pain and torment.


Message History

(D) Dungeon (T) Temple
Where to? (Enter - D:7 @ (x,y), ? - help)
There is a stone staircase leading down here.
You climb downwards.
A manticore and a two-headed ogre come into view.
The two-headed ogre shouts in stereo!
Found a scroll labelled NUHEULO XUBURUERY.
There is a stone staircase leading up here.
Okay, then.
The two-headed ogre hits you with a +0 giant spiked club!!
The two-headed ogre completely misses you.
The manticore bites you but does no damage.
The manticore claws you! The manticore claws you.
You climb upwards.
There is a stone staircase leading down here.
As you read the scroll labelled TIOBEOL CIBUILUY, it crumbles to dust.
You feel strangely unstable.
It was a scroll of teleportation.
The manticore bites you! The manticore claws you.
The manticore claws you but does no damage.
It was a potion of curing.
You feel better.
The two-headed ogre hits you with a +0 giant spiked club!
* * * LOW HITPOINT WARNING * * *
The two-headed ogre hits you with a +0 giant spiked club.
* * * LOW HITPOINT WARNING * * *
The manticore bites you but does no damage.
The manticore claws you.
* * * LOW HITPOINT WARNING * * *
The manticore claws you.
* * * LOW HITPOINT WARNING * * *
It was a potion of degeneration.
There was something very wrong with that liquid.
You feel weakened.
You feel dopey.
You feel clumsy.
The two-headed ogre hits you but does no damage.
The two-headed ogre hits you with a +0 giant spiked club!
* * * LOW HITPOINT WARNING * * *
The manticore bites you but does no damage.
The manticore claws you.
* * * LOW HITPOINT WARNING * * *
The manticore claws you!
You die...

#............
#............
#............
#............
########............
#...................
#...................
#...H...............
#..@................
#..O.......##.......
#..........++.......
#..........##.......
###.....#####.......
#......# #.......
#......###########
#......'.# ####
#......#.# #...


You could see a two-headed ogre and a manticore.

Vanquished Creatures
  6 yaks (D:8)
  An acid dragon (D:7)
  An orc warrior (D:7)
  3 black bears
  A sky beast (D:7)
  5 ogres
  2 phantoms (D:5)
  2 kobold brigands
  A bullfrog (D:7)
  3 scorpions
  A water moccasin zombie (D:6)
  A water moccasin skeleton (D:7)
  3 killer bees (D:8)
  10 wights (D:6)
  A howler monkey (D:7)
  A centaur zombie (D:5)
  A hound (D:5)
  A centaur skeleton (D:7)
  3 orc priests
  A bullfrog skeleton (D:7)
  A jelly (D:4)
  4 iguanas
  3 orc wizards
  Terence (D:3)
  A hound skeleton (D:5)
  Robin (D:2)
  4 gnolls (D:4)
  3 adders
  A shadow imp (D:6)
  2 white imps
  An ufetubus (D:6)
  A worm (D:3)
  6 dart slugs
  30 orcs
  12 ball pythons
  2 bats
  7 endoplasms
  3 giant cockroaches
  11 hobgoblins
  5 jackals
  19 kobolds
  7 quokkas
  3 frilled lizards
  18 goblins
  4 rats
198 creatures vanquished.

Vanquished Creatures (others)
  16 plants (D:4)
16 creatures vanquished.

Grand Total: 214 creatures vanquished

Notes
Turn   | Place    | Note
-------+----------+-------------------------------------------
     0 | Abyss:1  | lessens the Ghoul Abyssal Knight began the quest for the
                  | Orb.
     0 | Abyss:1  | Reached XP level 1. HP: 19/19 MP: 1/1
     8 | Abyss:1  | Found a corrupted altar of Lugonu.
    31 | D:1      | Escaped the Abyss
   242 | D:1      | Reached skill level 3 in Unarmed Combat
   242 | D:1      | Reached XP level 2. HP: 26/26 MP: 2/2
   702 | D:1      | Reached XP level 3. HP: 30/31 MP: 3/3
   755 | D:1      | Reached ** piety under Lugonu
   782 | D:1      | Found a faded altar of an unknown god.
  1083 | D:2      | Reached skill level 4 in Unarmed Combat
  1245 | D:2      | Noticed Robin
  1498 | D:2      | Killed Robin
  1499 | D:2      | Reached XP level 4. HP: 38/38 MP: 4/4
  2242 | D:2      | Reached skill level 5 in Unarmed Combat
  2555 | D:3      | Reached *** piety under Lugonu
  2736 | D:3      | Noticed an ogre
  2765 | D:3      | Killed an ogre
  2766 | D:3      | Reached skill level 6 in Unarmed Combat
  2766 | D:3      | Reached XP level 5. HP: 24/45 MP: 5/5
  3355 | D:3      | Found a shimmering blue altar of Sif Muna.
  3541 | D:3      | Noticed Terence
  3550 | D:3      | Killed Terence
  3551 | D:3      | Reached XP level 6. HP: 28/51 MP: 6/6
  3864 | D:4      | Found Lirot's Book Emporium.
  4024 | D:4      | Found Jolox's Antique Armour Boutique.
  4053 | D:4      | Bought a glowing helmet for 187 gold pieces
  4068 | D:4      | Reached skill level 7 in Unarmed Combat
  4922 | D:4      | Noticed a black bear
  4947 | D:4      | Killed a black bear
  4948 | D:4      | Reached skill level 8 in Unarmed Combat
  4948 | D:4      | Reached XP level 7. HP: 41/57 MP: 8/8
  5245 | D:5      | Entered Level 5 of the Dungeon
  6183 | D:5      | Reached skill level 9 in Unarmed Combat
  6183 | D:5      | Reached XP level 8. HP: 28/63 MP: 10/10
  7284 | D:6      | Reached skill level 5 in Invocations
  7605 | D:6      | Reached skill level 10 in Unarmed Combat
  7764 | D:6      | Reached **** piety under Lugonu
  8314 | D:6      | Found a staircase to the Ecumenical Temple.
  8356 | D:6      | Reached XP level 9. HP: 45/70 MP: 12/12
  8739 | D:6      | Reached skill level 11 in Unarmed Combat
  9831 | D:7      | Reached skill level 12 in Unarmed Combat
 10085 | D:8      | Reached skill level 1 in Dodging
 10194 | D:8      | Reached ***** piety under Lugonu
 10446 | D:8      | Reached XP level 10. HP: 48/77 MP: 14/14
 10466 | D:8      | Reached skill level 13 in Unarmed Combat
 10788 | D:9      | Noticed a manticore
 10788 | D:9      | Noticed a two-headed ogre
 10793 | D:8      | HP: 1/77 [manticore (4)]
 10793 | D:8      | Mangled by a manticore

Illustrated notes

Levels and vault maps discovered:
D:1:      lightli_arrival_chessboard, layout_loops_corners,
          ebering_ecumenical_altar_petrified, hex_large
D:2:      layout_loops_corners, grunt_ministairs_5, uniq_crazy_yiuf_cottage,
          uniq_robin
D:3:      layout_loops_ring, amcnicky_altar_gilded, nrook_uturn, uniq_terence
D:4:      layout_cave_pools, serial_bayou, serial_bayou_lagoon_a,
          serial_bayou_crossing, serial_bayou_shore_a, serial_bayou_shore_b,
          serial_shops, kennysheep_little_box, shop, st_stairs_2,
          kennysheep_minor_cross, minivault_14, grunt_ministairs_4,
          kennysheep_generic_room_16
D:5:      layout_loops_ring
D:6:      layout_loops_ring, minmay_temple_entry_statues_fountains
D:7:      layout_rooms
D:8:      layout_basic
D:9:      layout_loops_cross, grunt_ministairs_15, uniq_maggie

Skill      XL: |  1  2  3  4  5  6  7  8  9 10 |
---------------+-------------------------------+-----
Unarmed Combat | 3 4 6 8 9 10 12 13 | 13.0
Invocations    | 3 4 6 7 |  7.4
Dodging        | 2 3 |  3.2
Fighting       | |  3.2
Armour         | |  1.7

Action                   |  1- 3 |  4- 6 |  7- 9 | 10-12 || total
-------------------------+-------+-------+-------+-------++-------
Melee: Unarmed           |    99 |   222 |   349 |    20 ||   690
       Punch             |       |     3 |     8 |       ||    11
Throw: Dart              |       |       |    30 |       ||    30
       Javelin           |       |       |     1 |       ||     1
  Use: Potion            |       |       |       |     2 ||     2
       Scroll            |       |       |       |     1 ||     1
Armor: Leather armour    |    17 |    34 |    61 |       ||   112
       Gold dragon scale |       |       |    25 |    12 ||    37
       Acid dragon scale |       |       |     3 |       ||     3
Dodge: Dodged            |    52 |   115 |   164 |     2 ||   333

Table legend: (Time is in decaauts)
 A = Elapsed time spent in this place.
 B = Non-inter-level travel time spent in this place.
 C = Inter-level travel time spent in this place.
 D = Time resting spent in this place.
 E = Time spent auto-exploring this place.
 F = Levels seen in this place.
 G = Mean time per level.
                   A        B        C        D        E       F      G
               +--------+--------+--------+--------+--------+-----+--------+
         Total |  10727 |  10344 |    383 |   1294 |   7619 |  10 | 1072.7 |
       Dungeon |  10695 |  10312 |    383 |   1294 |   7619 |   9 | 1188.3 |
         Abyss |     32 |     32 |      0 |      0 |      0 |   1 |   32.0 |
               +--------+--------+--------+--------+--------+-----+--------+

Top non-repeatable levels by time:
     D:3: 1782 daAuts
     D:4: 1593 daAuts
     D:5: 1584 daAuts
     D:6: 1551 daAuts
     D:1: 1261 daAuts
     D:2: 1213 daAuts
     D:7: 905 daAuts
     D:8: 801 daAuts
 Abyss:1: 32 daAuts
     D:9: 1 daAuts
